MWL
DANVILLE VETERANS @ CLINTON PILOTS
06/29/1982
 
TOP OF THE 1ST
Danville Veterans batting - Pitching for Clinton Pilots : LHP Louis Blows
Pitching: LHP Louis Blows
Batting: RHB Billy Hatcher 0-0: Swinging Strike
0-1: Called Strike
0-2: Ball
1-2: TRIPLE (Flyball, 89XD, EV 102.5 MPH)
Batting: RHB Henry Janssen 0-0: Ball
1-0: Swinging Strike
1-1: Ground out 4-3 (Groundball, 4, EV 105.0 MPH)
Billy Hatcher scores
Batting: LHB Mark Salas 0-0: Ball
1-0: Ball
2-0: Ball
3-0: Base on Balls
Batting: RHB Barry Brunenkant 0-0: Called Strike
0-1: SINGLE (Groundball, 34D, EV 100.0 MPH)
Mark Salas to second
Runner from 2nd tries for 3rd, SAFE, no throw by RF
Batting: RHB Ed Saavedra 0-0: Ball
1-0: Ball
2-0: Ball
3-0: Base on Balls
Barry Brunenkant to second
Batting: RHB Vincent Pone 0-0: Called Strike
0-1: Ball
1-1: Foul Ball, location: 2F
1-2: Ball
2-2: Ball
3-2: SINGLE (Groundball, 25, EV 75.6 MPH) (infield hit)
Mark Salas scores
Barry Brunenkant to third
Ed Saavedra to second
Batting: RHB Jeff Moronko 0-0: Ball
1-0: Called Strike
1-1: Ball
2-1: Foul Ball, location: 2F
2-2: Ball
3-2: Foul Ball, location: 2F
3-2: Foul Ball, location: 2F
3-2: Fly out, F8 (Flyball, 8RXD, EV 101.9 MPH)
Runner from 3rd tags up, SCORES, no throw by CF
Ed Saavedra to third
Batting: RHB Tom Hayes 0-0: Ball
1-0: Called Strike
1-1: Swinging Strike
1-2: Ball
2-2: Fly out, F8 (Line Drive, 8LM, EV 98.1 MPH)
Top of the 1st over - 3 runs, 3 hits, 0 errors, 2 left on base; Danville 3 - Clinton 0
BOTTOM OF THE 1ST
Clinton Pilots batting - Pitching for Danville Veterans : LHP Donald Johnson
Pitching: LHP Donald Johnson
Batting: RHB Danny Chairez 0-0: Ball
1-0: Foul Ball, location: 2F
1-1: Ball
2-1: Called Strike
2-2: SINGLE (Line Drive, 4D, EV 106.9 MPH)
Batting: RHB Alberto Reyes 0-0: Called Strike
0-1: Foul Ball, location: 2F
0-2: Fielders Choice at 2nd, 6-4 (Groundball, 6, EV 81.3 MPH)
Batting: SHB Alan Regier 0-0: Called Strike
0-1: Ball
1-1: Ball
2-1: Swinging Strike
2-2: Ball
3-2: Foul Ball, location: 2F
3-2: Base on Balls
Alberto Reyes to second
Batting: RHB Abe Rael 0-0: Called Strike
Alberto Reyes steals 3rd base
Alan Regier to second
0-1: Ball
1-1: Ball
2-1: Foul Ball, location: 2F
2-2: Strikes out swinging
Batting: LHB Thomas Berti 0-0: Called Strike
0-1: Ball
1-1: Called Strike
1-2: Strikes out looking
Bottom of the 1st over - 0 runs, 1 hit, 0 errors, 2 left on base; Danville 3 - Clinton 0
TOP OF THE 2ND
Danville Veterans batting - Pitching for Clinton Pilots : LHP Louis Blows
Batting: RHB Jeff Hall 0-0: Called Strike
0-1: Fly out, F4 (Line Drive, 4, EV 70.6 MPH)
Batting: RHB Billy Hatcher 0-0: Called Strike
0-1: Ball
1-1: Ball
2-1: Ball
3-1: Base on Balls
Batting: RHB Henry Janssen 0-0: Ball
1-0: Called Strike
1-1: Ball
2-1: Foul Ball, location: 2F
2-2: Strikes out swinging
Batting: LHB Mark Salas 0-0: Ball
1-0: Ball
2-0: Called Strike
2-1: Foul Ball, location: 2F
2-2: DOUBLE (Flyball, 9LM, EV 101.9 MPH)
Billy Hatcher to third
Batting: RHB Barry Brunenkant 0-0: Ball
1-0: Swinging Strike
1-1: Ball
2-1: Ball
3-1: Base on Balls
Batting: RHB Ed Saavedra 0-0: Ball
1-0: Called Strike
1-1: Ball
2-1: Foul Ball, location: 2F
2-2: SINGLE (Line Drive, 8LS, EV 92.5 MPH)
Billy Hatcher scores
Mark Salas to third
Barry Brunenkant to second
Runner from 3rd tries for Home, SAFE, throw by CF to home
Batting: RHB Vincent Pone 0-0: Ball
1-0: Swinging Strike
1-1: Foul Ball, location: 7LSF, Error on foul ball, E7
1-2: Ball
2-2: Strikes out swinging
Top of the 2nd over - 2 runs, 2 hits, 1 error, 2 left on base; Danville 5 - Clinton 0
BOTTOM OF THE 2ND
Clinton Pilots batting - Pitching for Danville Veterans : LHP Donald Johnson
Batting: RHB Barry Siebert 0-0: Swinging Strike
0-1: Ball
1-1: Foul Ball, location: 2F
1-2: Ball
2-2: Foul Ball, location: 2F
2-2: SINGLE (Groundball, 6M, EV 91.9 MPH) (infield hit)
Batting: RHB Donn Koch 0-0: Ball
1-0: Swinging Strike
1-1: Foul Ball, location: 2F
1-2: Strikes out swinging
Batting: LHB Epifano Martinez 0-0: Ball
1-0: Ball
2-0: Called Strike
2-1: Foul Ball, location: 2F
2-2: Fly out, F4 (Flyball, 34D, EV 88.1 MPH)
Batting: RHB Tom Riley 0-0: Called Strike
0-1: Called Strike
0-2: Ball
1-2: Fielders Choice at 2nd, 6-4 (Groundball, 6, EV 85.0 MPH)
Bottom of the 2nd over - 0 runs, 1 hit, 0 errors, 1 left on base; Danville 5 - Clinton 0
TOP OF THE 3RD
Danville Veterans batting - Pitching for Clinton Pilots : LHP Louis Blows
Batting: RHB Jeff Moronko 0-0: Swinging Strike
0-1: Foul Ball, location: 2F
0-2: Strikes out looking
Batting: RHB Tom Hayes 0-0: Called Strike
0-1: Foul Ball, location: 2F
0-2: Ball
1-2: SINGLE (Line Drive, 8LS, EV 93.8 MPH)
Batting: RHB Jeff Hall 0-0: Called Strike
0-1: Swinging Strike
0-2: Strikes out looking
Batting: RHB Billy Hatcher 0-0: Called Strike
0-1: Foul Ball, location: 2F
0-2: Ball
1-2: Fly out, F3 (Popup, 3SF, EV 83.1 MPH)
Top of the 3rd over - 0 runs, 1 hit, 0 errors, 1 left on base; Danville 5 - Clinton 0
BOTTOM OF THE 3RD
Clinton Pilots batting - Pitching for Danville Veterans : LHP Donald Johnson
Batting: RHB Danny Chairez 0-0: Ball
1-0: Ball
2-0: Foul Ball, location: 2F
2-1: Ground out 6-3 (Groundball, 6, EV 85.6 MPH)
Batting: RHB Alberto Reyes 0-0: Ball
1-0: Fly out, F8 (Flyball, 78M, EV 91.3 MPH)
Batting: SHB Alan Regier 0-0: Fly out, F8 (Flyball, 8LM, EV 90.6 MPH)
Bottom of the 3rd over - 0 runs, 0 hits, 0 errors, 0 left on base; Danville 5 - Clinton 0
TOP OF THE 4TH
Danville Veterans batting - Pitching for Clinton Pilots : LHP Louis Blows
Batting: RHB Henry Janssen 0-0: Ball
1-0: Ball
2-0: Ball
3-0: Base on Balls
Batting: LHB Mark Salas 0-0: Ball
1-0: Swinging Strike
1-1: Ball
2-1: Grounds into double play, 4-6-3 (Groundball, 4, EV 101.9 MPH)
Batting: RHB Barry Brunenkant 0-0: Foul Ball, location: 2F
0-1: Foul Ball, location: 2F
0-2: Ball
1-2: Ball
2-2: Strikes out swinging
Top of the 4th over - 0 runs, 0 hits, 0 errors, 0 left on base; Danville 5 - Clinton 0
BOTTOM OF THE 4TH
Clinton Pilots batting - Pitching for Danville Veterans : LHP Donald Johnson
Batting: RHB Abe Rael 0-0: Called Strike
0-1: Ball
1-1: Ball
2-1: Foul Ball, location: 2F
2-2: SINGLE (Line Drive, 78M, EV 105.0 MPH)
Batting: LHB Thomas Berti 0-0: Fielders Choice at 2nd, 4-6 (Groundball, 4, EV 104.4 MPH)
Batting: RHB Barry Siebert 0-0: Ball
1-0: Foul Ball, location: 2F
1-1: Foul Ball, location: 2F
1-2: Ball
2-2: Ball
3-2: Fielders Choice at 2nd, 5-4 (Groundball, 5, EV 108.1 MPH)
Batting: RHB Donn Koch 0-0: Ball
1-0: Called Strike
1-1: Foul Ball, location: 2F
1-2: Strikes out looking
Bottom of the 4th over - 0 runs, 1 hit, 0 errors, 1 left on base; Danville 5 - Clinton 0
TOP OF THE 5TH
Danville Veterans batting - Pitching for Clinton Pilots : LHP Louis Blows
Batting: RHB Ed Saavedra 0-0: Foul Ball, location: 2F
0-1: Ball
1-1: Ground out 6-3 (Groundball, 6, EV 77.5 MPH)
Batting: RHB Vincent Pone 0-0: Ball
1-0: Called Strike
1-1: Called Strike
1-2: Ball
2-2: Strikes out swinging
Batting: RHB Jeff Moronko 0-0: Called Strike
0-1: Ball
1-1: Swinging Strike
1-2: Ball
2-2: Ball
3-2: Strikes out swinging
Top of the 5th over - 0 runs, 0 hits, 0 errors, 0 left on base; Danville 5 - Clinton 0
BOTTOM OF THE 5TH
Clinton Pilots batting - Pitching for Danville Veterans : LHP Donald Johnson
Batting: LHB Epifano Martinez 0-0: Called Strike
0-1: Ball
1-1: Ground out U3 (Groundball, 3, EV 97.5 MPH)
Batting: RHB Tom Riley 0-0: Ball
1-0: Called Strike
1-1: Called Strike
1-2: Ball
2-2: SINGLE (Groundball, 56D, EV 108.8 MPH)
Batting: RHB Danny Chairez 0-0: Ball
1-0: Fly out, F9 (Line Drive, 9, EV 90.0 MPH)
Batting: RHB Alberto Reyes 0-0: Foul Ball, location: 2F
0-1: Ball
Tom Riley steals 2nd base
1-1: Foul Ball, location: 2F
1-2: Ball
2-2: Foul Ball, location: 2F
2-2: Ball
3-2: Ground out 5-3 (Groundball, 56, EV 86.3 MPH)
Bottom of the 5th over - 0 runs, 1 hit, 0 errors, 1 left on base; Danville 5 - Clinton 0
TOP OF THE 6TH
Danville Veterans batting - Pitching for Clinton Pilots : LHP Louis Blows
Batting: RHB Tom Hayes 0-0: Ball
1-0: SINGLE (Groundball, 56, EV 94.4 MPH)
Batting: RHB Jeff Hall 0-0: Ball
1-0: Ball
2-0: Foul Ball, location: 2F
2-1: Foul Ball, location: 2F
2-2: Ball
3-2: Fly out, F9 (Flyball, 9LM, EV 90.6 MPH)
Batting: RHB Billy Hatcher 0-0: Ball
1-0: Swinging Strike
1-1: Ball
Wild Pitch!
Tom Hayes to second
2-1: Fly out, F8 (Flyball, 8RD, EV 93.8 MPH)
Pitching: RHP Kenneth Elsee
Batting: RHB Henry Janssen 0-0: SINGLE (Groundball, 13S, EV 68.1 MPH) (infield hit)
Tom Hayes to third
Batting: LHB Mark Salas 0-0: Ball
1-0: Ball
2-0: Ball
3-0: Called Strike
3-1: Fielders Choice at 2nd, 5-4 (Groundball, 56, EV 93.1 MPH)
Top of the 6th over - 0 runs, 2 hits, 0 errors, 2 left on base; Danville 5 - Clinton 0
BOTTOM OF THE 6TH
Clinton Pilots batting - Pitching for Danville Veterans : LHP Donald Johnson
Batting: SHB Alan Regier 0-0: Ball
1-0: Fly out, F5 (Popup, 5F, EV 73.1 MPH)
Batting: RHB Abe Rael 0-0: Foul Ball, location: 2F
0-1: Called Strike
0-2: Ball
1-2: Ball
2-2: Foul Ball, location: 2F
2-2: Ball
3-2: Base on Balls
Batting: LHB Thomas Berti 0-0: Swinging Strike
0-1: Foul Ball, location: 2F
0-2: Strikes out swinging
Batting: RHB Barry Siebert 0-0: Called Strike
0-1: Ball
1-1: Ball
2-1: Ball
Wild Pitch!
Abe Rael to second
3-1: Called Strike
3-2: Ground out 6-3 (Groundball, 6M, EV 98.8 MPH)
Bottom of the 6th over - 0 runs, 0 hits, 0 errors, 1 left on base; Danville 5 - Clinton 0
TOP OF THE 7TH
Danville Veterans batting - Pitching for Clinton Pilots : RHP Kenneth Elsee
Batting: RHB Barry Brunenkant 0-0: Ball
1-0: Called Strike
1-1: Ball
2-1: Ball
3-1: Base on Balls
Batting: RHB Ed Saavedra 0-0: Ball
1-0: Foul Ball, location: 2F
1-1: Foul Ball, location: 2F
1-2: Ball
2-2: Fly out, F6 (Popup, 4MD, EV 58.1 MPH)
Batting: RHB Vincent Pone 0-0: Ball
1-0: Ball
2-0: Ball
3-0: Called Strike
3-1: Base on Balls
Barry Brunenkant to second
Batting: RHB Jeff Moronko 0-0: Grounds into double play, 6-4-3 (Groundball, 6, EV 86.3 MPH)
Top of the 7th over - 0 runs, 0 hits, 0 errors, 1 left on base; Danville 5 - Clinton 0
BOTTOM OF THE 7TH
Clinton Pilots batting - Pitching for Danville Veterans : LHP Donald Johnson
Batting: RHB Donn Koch 0-0: Called Strike
0-1: Ball
1-1: Foul Ball, location: 2F
1-2: Foul Ball, location: 2F
1-2: Ball
2-2: Ball
3-2: Foul Ball, location: 2F
3-2: Base on Balls
Batting: LHB Epifano Martinez 0-0: Ball
1-0: Ball
2-0: Foul Ball, location: 2F
2-1: Foul Ball, location: 2F
2-2: Fielders Choice at 2nd, 4-6 (Groundball, 4, EV 87.5 MPH)
Batting: RHB Tom Riley 0-0: SINGLE (Line Drive, 56D, EV 105.6 MPH)
Epifano Martinez to second
Batting: RHB Danny Chairez 0-0: Fly out, F8 (Line Drive, 8LD, EV 86.3 MPH)
Batting: RHB Alberto Reyes 0-0: SINGLE (Groundball, 6D, EV 104.4 MPH)
Epifano Martinez to third
Tom Riley to second
Runner from 3rd tries for Home, SAFE, throw by CF to home
Batting: SHB Alan Regier 0-0: Swinging Strike
0-1: Ball
Wild Pitch!
Tom Riley to third
Alberto Reyes to second
1-1: Called Strike
1-2: Ball
2-2: Foul Ball, location: 2F
2-2: DOUBLE (Flyball, 78D, EV 100.0 MPH)
Tom Riley scores
Alberto Reyes scores
Batting: RHB Abe Rael 0-0: Ball
1-0: Fly out, F7 (Flyball, 7, EV 85.6 MPH)
Bottom of the 7th over - 3 runs, 3 hits, 0 errors, 1 left on base; Danville 5 - Clinton 3
TOP OF THE 8TH
Danville Veterans batting - Pitching for Clinton Pilots : RHP Kenneth Elsee
Batting: RHB Tom Hayes 0-0: Called Strike
0-1: Ball
1-1: Foul Ball, location: 2F
1-2: Ball
2-2: Ball
3-2: Base on Balls
Batting: RHB Jeff Hall 0-0: Called Strike
0-1: Ball
1-1: Ball
2-1: Swinging Strike
2-2: Ball
3-2: Strikes out swinging
Tom Hayes steals 2nd base
Batter strikes out.
Batting: RHB Billy Hatcher 0-0: Intentional Walk
Batting: RHB Henry Janssen 0-0: Ball
1-0: Ball
2-0: Foul Ball, location: 2F
2-1: Swinging Strike
2-2: Ball
3-2: Foul Ball, location: 2F
3-2: Fly out, F8 (Flyball, 8RD, EV 90.0 MPH)
Batting: LHB Mark Salas 0-0: Called Strike
0-1: Ball
1-1: Ball
2-1: 3-RUN HOME RUN (Flyball, 89XD, EV 94.4 MPH), Distance : 399 ft
Batting: RHB Barry Brunenkant 0-0: DOUBLE (Flyball, 8LXD, EV 90.0 MPH)
Batting: RHB Ed Saavedra 0-0: SINGLE (Line Drive, 8RS, EV 88.1 MPH)
Barry Brunenkant to third
Runner from 3rd tries for Home, SAFE, throw by CF to home
Pitching: RHP Steve Taylor
Batting: RHB Vincent Pone 0-0: Called Strike
0-1: Ball
1-1: Called Strike
1-2: Strikes out looking
Top of the 8th over - 4 runs, 3 hits, 0 errors, 1 left on base; Danville 9 - Clinton 3
BOTTOM OF THE 8TH
Clinton Pilots batting - Pitching for Danville Veterans : LHP Donald Johnson
Batting: LHB Thomas Berti 0-0: Fly out, F8 (Flyball, 8LS, EV 80.0 MPH)
Batting: RHB Barry Siebert 0-0: Ball
1-0: Called Strike
1-1: Ball
2-1: Ground out 5-3 (Groundball, 5S, EV 71.3 MPH)
Batting: RHB Donn Koch 0-0: Foul Ball, location: 2F
0-1: Called Strike
0-2: Ball
1-2: Ball
2-2: Foul Ball, location: 2F
2-2: Strikes out swinging
Bottom of the 8th over - 0 runs, 0 hits, 0 errors, 0 left on base; Danville 9 - Clinton 3
TOP OF THE 9TH
Danville Veterans batting - Pitching for Clinton Pilots : RHP Steve Taylor
Batting: RHB Jeff Moronko 0-0: Called Strike
0-1: Swinging Strike
0-2: Ball
1-2: Ball
2-2: Fly out, F8 (Flyball, 8RM, EV 75.0 MPH)
Batting: RHB Tom Hayes 0-0: Ball
1-0: Called Strike
1-1: Foul Ball, location: 2F
1-2: Ball
2-2: DOUBLE (Line Drive, 7LM, EV 92.5 MPH)
Batting: RHB Jeff Hall 0-0: Ball
1-0: Ball
2-0: Fly out, F8 (Flyball, 8LM, EV 77.5 MPH)
Batting: RHB Billy Hatcher 0-0: Swinging Strike
0-1: Ball
1-1: Foul Ball, location: 2F
1-2: Ball
2-2: Strikes out swinging
Top of the 9th over - 0 runs, 1 hit, 0 errors, 1 left on base; Danville 9 - Clinton 3
BOTTOM OF THE 9TH
Clinton Pilots batting - Pitching for Danville Veterans : LHP Donald Johnson
Batting: LHB Epifano Martinez 0-0: SINGLE (Flyball, 8RS, EV 86.3 MPH)
Batting: RHB Tom Riley 0-0: Ball
1-0: Called Strike
1-1: Called Strike
1-2: Ball
2-2: Ball
3-2: Strikes out looking
Batting: RHB Danny Chairez 0-0: Foul Ball, location: 2F
0-1: Foul Ball, location: 2F
0-2: Fielders Choice at 2nd, 6-4 (Groundball, 6, EV 104.4 MPH)
Batting: RHB Alberto Reyes 0-0: Ball
1-0: Ball
2-0: 2-RUN HOME RUN (Flyball, 7D, EV 106.3 MPH), Distance : 373 ft
Batting: SHB Alan Regier 0-0: SINGLE (Groundball, 56, EV 94.4 MPH)
Batting: RHB Abe Rael 0-0: Called Strike
0-1: Ball
1-1: Ground out 6-3 (Groundball, 6S, EV 86.3 MPH)
Bottom of the 9th over - 2 runs, 3 hits, 0 errors, 1 left on base; Danville 9 - Clinton 5
Wednesday, August 12th, 2020 - OOTP Baseball 21.5 Build 76